 Dungeon Crawl Stone Soup version 0.24.0-13-gcf9b3192b9 (webtiles) character file.

Game seed: 2332254858511820327, levelgen mode: deterministic

25 Esekla the Vexing (level 3, 0/40 HPs)
             Began as a Barachi Enchanter on Nov 10, 2019.
             Succumbed to an adder's poison
             ... on level 2 of the Dungeon.
             The game lasted 00:06:47 (1091 turns).

Esekla the Vexing (Barachi Enchanter)               Turns: 1091, Time: 00:06:47

Health: 0/40       AC:  2    Str: 13 (14) XL:     3   Next: 4%
Magic:  6/6        EV: 13    Int: 12 (15) God:
Gold:   93         SH:  0    Dex: 12 (13) Spells: 6/7 levels left

rFire    . . .     SeeInvis .   a - +1 dagger
rCold    . . .     Gourm    .   (no shield)
rNeg     . . .     Faith    .   b - +0 robe
rPois    .         Spirit   .   (no helmet)
rElec    .         Reflect  .   (no cloak)
rCorr    .         Harm     .   (no gloves)
MR       .....                  (no boots)
Stlth    ..........             (no amulet)
HPRegen  0.13/turn              (no ring)
MPRegen  0.10/turn              (no ring)

@: berserking, lethally poisoned (0 -> -24), very quick
A: +LOS, swims, slowness 1, strong legs 1
a: Hop


You were on level 2 of the Dungeon.
You were very hungry.

You visited 1 branch of the dungeon, and saw 2 of its levels.

You collected 93 gold pieces.

Inventory:

Hand Weapons
 a - a +1 dagger (weapon)
Missiles
 f - 3 boomerangs (quivered)
Armour
 b - a +0 robe (worn)
Scrolls
 c - a scroll of amnesia {unknown}
 g - 2 scrolls of identify {unknown}
 h - a scroll of enchant weapon {unknown}
 i - a scroll of teleportation {unknown}
 k - a scroll of fear {unknown}
Potions
 e - a potion of heal wounds
 j - 2 potions of degeneration
Comestibles
 d - 3 rations


   Skills:
 * Level 1.7 Fighting
 + Level 1.4 Short Blades
 + Level 2.7 Dodging
 - Level 2.6 Stealth
 + Level 2.5 Spellcasting
 - Level 3.2 Hexes


You had 6 spell levels left.
You knew the following spells:

 Your Spells              Type           Power        Failure   Level  Hunger
a - Corona                Hex            #......      7%          1    #......

Your spell library contained the following spells:

 Spells                   Type           Power        Failure   Level  Hunger
 Ensorcelled Hibernation  Hex/Ice        #.....       21%         2    ###....
 Confuse                  Hex            #.......     21%         3    ###....
 Tukima's Dance           Hex            #.......     21%         3    ###....
 Dazzling Spray           Conj/Hex       #.....       36%         3    ###....


Dungeon Overview and Level Annotations

Branches:
Dungeon (2/15)

Altars:


Innate Abilities, Weirdness & Mutations

Shadows flee at your approach. (+LOS)
You can swim through water.
You cover ground slowly.
You can hop short distances.


Message History

You feel sick. The adder bites you.
* * * LOW HITPOINT WARNING * * *
You are more poisoned.
The adder poisons you!
The goblin shoots a stone.
The stone barely misses you. The adder closely misses you.
You are too berserk!
You hit the adder.
The adder is heavily wounded.
* * * LOW HITPOINT WARNING * * *
You feel sick. The adder bites you.
* * * LOW HITPOINT WARNING * * *
You are more poisoned.
The adder poisons you!
You hit the adder.
The adder is almost dead.
* * * LOW HITPOINT WARNING * * *
You feel sick.
You closely miss the adder.
The adder is almost dead.
You die...

########## #.....!.@####
#....≈≈≈S(≈≈#### ######
#......r..≈....#####.....
+......g.................
#....=g..≈#+##...........
#........#......####.....
.........#......# #.)...
##...#####......# #.....
#... ###......####.....


You could see an adder, a hobgoblin, a goblin and a rat.

Vanquished Creatures
  A worm (D:2)
  A dart slug (D:1)
  3 giant cockroaches
  5 goblins (D:1)
  2 hobgoblins (D:1)
  2 bats (D:1)
  3 frilled lizards (D:1)
  2 kobolds (D:1)
  A rat (D:1)
20 creatures vanquished.

Notes
Turn   | Place    | Note
-------+----------+-------------------------------------------
     0 | D:1      | Esekla the Barachi Enchanter began the quest for the Orb.
     0 | D:1      | Reached XP level 1. HP: 13/13 MP: 3/3
   111 | D:1      | Reached skill level 1 in Fighting
   123 | D:1      | Reached XP level 2. HP: 21/21 MP: 5/5
   781 | D:1      | Reached XP level 3. HP: 6/27 MP: 6/6
  1090 | D:2      | HP: 1/40 [poisoned by an adder]
  1091 | D:2      | Succumbed to an adder's poison

Levels and vault maps discovered:
D:1:      saegor_arrival_simple_d, layout_rooms, minmay_misc_feat_encased
D:2:      layout_basic, serial_rivers, chequers_serial_rivers_large_a,
          chequers_serial_rivers_micro_d, chequers_serial_rivers_micro_e,
          chequers_serial_rivers_small_3, chequers_serial_rivers_micro_a,
          nicolae_tso_carved_into_rock

Skill      XL: |  1 |
---------------+----+-----
Fighting       | 1 |  1.7
Short Blades   | |  1.4
Dodging        | |  2.7
Stealth        | |  2.6
Spellcasting   | |  2.5
Hexes          | |  3.2

Action                   || total
-------------------------++-------
Melee: Dagger            ||    87
Throw: Boomerang         ||     6
 Cast: Corona            ||     1
 Abil: Hop               ||     1
  Use: Potion            ||     3
 Stab: Sleeping          ||     5
Armor: Robe              ||    17
Dodge: Dodged            ||    59
